 Dungeon Sprint DCSS version 0.30-a0-586-g23e55c9e0a (webtiles) character file.

Game seed: 8270425992027271847

16552 BigDaddyOpFi the End of an Era (level 12, -1/122 HPs)
             Began as a Hill Orc Fighter on Jan 3, 2023.
             Was the Champion of Qazlal.
             Killed from afar by a nagaraja (39 damage)
             ... with a poison arrow
             ... in the Dungeon (Sprint VII: "The Pits").
             The game lasted 00:04:59 (2803 turns).

BigDaddyOpFi the End of an Era (Hill Orc Fighter)   Turns: 2803, Time: 00:05:00

Health: -1/122     AC: 29    Str: 24    XL:     12   Next: 38%
Magic:  27/27      EV:  7    Int: 11    God:    Qazlal [******]
Gold:   72         SH: 20    Dex: 10    Spells: 11/11 levels left

rFire   . . .      SeeInvis .    o - +6 war axe (freeze)
rCold   . . .      Faith    .    b - +0 kite shield
rNeg    . . .      Spirit   .    q - +10 plate armour
rPois   .          Reflect  .    p - +0 helmet
rElec   .          Harm     .    r - +0 cloak
rCorr   .          Rampage  .    (no gloves)
Will    .....      NoTele   +    (no boots) Stlth
                                 (no amulet)
HPRegen 0.40/turn                d - +3 ring of evasion
MPRegen 0.20/turn                m - +3 ring of intelligence

@: lethally poisoned (-1 -> -58), slowed, constricted, repel missiles, very slow
A: no striking features
a: Renounce Religion, Upheaval, Elemental Force, Disaster Area


You were in the Dungeon.
You worshipped Qazlal.
Qazlal was exalted by your worship.
You visited 1 branch You collected 72 gold pieces.

Inventory:

Hand Weapons
 o - a +6 war axe of freezing (weapon)
Armour
 b - a +0 kite shield (worn)
 c - a +0 buckler
 p - a +0 helmet (worn)
 q - a +10 plate armour (worn)
 r - a +0 cloak (worn)
Jewellery
 d - a +3 ring of evasion (left hand)
 l - a +6 ring of strength
 m - a +3 ring of intelligence (right hand)
 u - a ring of protection from fire
Wands
 a - a wand of digging (7)
Scrolls
 j - a scroll of blinking
 s - 3 scrolls of identify
 t - a scroll of poison
 v - a scroll of amnesia
 w - a scroll of brand weapon
 x - a scroll of enchant armour
Potions
 e - 6 potions of curing
 f - 9 potions of heal wounds
 g - a potion of haste
 h - 4 potions of magic
 i - 7 potions of berserk rage
 k - 2 potions of invisibility
 n - 3 potions of might
 z - a potion of brilliance


   Skills:
 + Level 15.6 Fighting
 + Level 17.0 Axes
 + Level 14.4 Armour
 + Level 14.5 Shields
 * Level 22.7 Invocations


You had 11 spell levels left.
You didn't know any spells.
Your spell library contained the following spells:

 Spells                   Type           Power      Damage    Failure   Level
 Beastly Appendage        Tmut           0%         N/A       99%         1
 Wereblood                Tmut           0%         N/A       100%        2
 Spider Form              Tmut/Pois      0%         N/A       100%        3


Dungeon Overview and Level Annotations

Branches:
Dungeon (1/1)

Altars:
Ashenzari
Cheibriados
Dithmenos
Elyvilon
Fedhas
Gozag
Hepliaklqana
Kikubaaqudgha
Makhleb
Nemelex Xobeh
Okawaru
Qazlal
Ru
Sif Muna
Trog
Uskayaw
Vehumet
Wu Jian
Xom
Yredelemnul
Zin
The Shining One
Beogh
Jiyva
Lugonu

Annotations:
D Sonja


Message History

You feel extremely sick. You block Sonja's attack.
Sonja hits you but does no damage.
You are more poisoned.
You block Sonja's attack.
The nagaraja gestures at you while chanting.
You block the poison arrow. The nagaraja constricts you.
Sonja hits you but does no damage. You block Sonja's attack.
Sonja barely misses you.
You completely miss Sonja.
Sonja is heavily wounded.
You hit the nagaraja. You freeze the nagaraja.
You feel extremely sick.
Sonja shouts, "Too slow!"
Sonja completely misses you.
Sonja hits you with a +1 short sword of venom.
You are more poisoned.
Sonja hits you but does no damage.
The nagaraja points at you and mumbles some strange words.
You block the poison arrow. The nagaraja constricts you.
You hit Sonja but do no damage.
Sonja is heavily wounded.
You slash the nagaraja! You freeze the nagaraja.
You feel extremely sick.
You block Sonja's attack. x2; Sonja hits you but does no damage.
You are more poisoned.
The nagaraja points at you and mumbles some strange words.
The poison arrow misses you. The nagaraja constricts you.
Sonja hits you but does no damage. x2
You are more poisoned.
You block Sonja's attack.
You miss Sonja.
Sonja is heavily wounded.
You barely miss the nagaraja.
You feel extremely sick.
Sonja mumbles some strange words.
Sonja blinks!
The nagaraja gestures at you while chanting.
The poison arrow hits you!!!
You are lethally poisoned!
You die...

##################+#
..............°°.K.#
...............)@..#
#++##############N.#
§○# ..# ..# ..# ..#
..#


You could see a nagaraja and Sonja.

Vanquished Creatures
  A hydra (D)
  A death yak (D)
  A deep elf knight (D)
  2 shadow wraiths (D)
  A sixfirhy (D)
  A sea snake (D)
  A phantasmal warrior (D)
  A deep elf pyromancer (D)
  A wolf spider (D)
  4 harpies (D)
  An orc sorcerer (D)
  An orc knight (D)
  2 cyclopes (D)
  Maurice (D)
  A smoke demon (D)
  A molten gargoyle (D)
  A gargoyle (D)
  A freezing wraith (D)
  2 guardian mummies (D)
  A hellwing (D)
  A polar bear (D)
  3 tyrant leeches (D)
  10 blink frogs (D)
  4 dream sheep (D)
  A water elemental (D)
  2 wyverns (D)
  3 redbacks (D)
  A swamp drake (D)
  A water moccasin (D)
  Duvessa (D)
  An orc warrior (D)
  An ogre (D)
  An ice beast (D)
  4 wolves (D)
  2 centaurs (D)
  A phantom (D)
  A scorpion (D)
  2 gnoll sergeants (D)
  Dowan (D)
  5 killer bees (D)
  4 jellies (D)
  A hell rat (D)
  A mummy (D)
  7 gnolls (D)
  2 adders (D)
  A white imp (D)
  An ufetubus (D)
  3 orcs (D)
  A bat (D)
  3 endoplasms (D)
  7 jackals (D)
  A kobold (D)
  A quokka (D)
  2 rats (D)
107 creatures vanquished.

Notes
Turn   | Place    | Note
-------+----------+-------------------------------------------
     0 | D        | BigDaddyOpFi the Hill Orc Fighter began the quest for the
                  | Orb.
     0 | D        | Reached XP level 1. HP: 19/19 MP: 1/1
    29 | D        | Found a glowing golden altar of the Shining One.
    29 | D        | Found a glowing silver altar of Zin.
    29 | D        | Found a basalt altar of Yredelemnul.
    29 | D        | Found a shimmering altar of Xom.
    29 | D        | Found an ornate altar of the Wu Jian Council.
    29 | D        | Found a bloodstained altar of Trog.
    29 | D        | Found a shimmering blue altar of Sif Muna.
    29 | D        | Found a sacrificial altar of Ru.
    29 | D        | Found a stormy altar of Qazlal.
    29 | D        | Found an iron altar of Okawaru.
    29 | D        | Found a sparkling altar of Nemelex Xobeh.
    29 | D        | Found a burning altar of Makhleb.
    29 | D        | Found a viscous altar of Jiyva.
    29 | D        | Found a hazy altar of Hepliaklqana.
    29 | D        | Found an opulent altar of Gozag.
    29 | D        | Found a blossoming altar of Fedhas.
    29 | D        | Found a white marble altar of Elyvilon.
    29 | D        | Found a shadowy altar of Dithmenos.
    29 | D        | Found a snail-covered altar of Cheibriados.
    30 | D        | Found a radiant altar of Vehumet.
    30 | D        | Found a corrupted altar of Lugonu.
    30 | D        | Found a roughly hewn altar of Beogh.
    31 | D        | Found an ancient bone altar of Kikubaaqudgha.
    31 | D        | Found a hide-covered altar of Uskayaw.
    31 | D        | Found a broken altar of Ashenzari.
    34 | D        | Became a worshipper of Qazlal Stormbringer
    45 | D        | Noticed a scorpion
    56 | D        | Killed a scorpion
    57 | D        | Reached skill level 5 in Fighting
    57 | D        | Reached skill level 5 in Invocations
    57 | D        | Reached XP level 2. HP: 4/29 MP: 1/5
    57 | D        | Reached XP level 3. HP: 6/36 MP: 1/6
    59 | D        | Reached XP level 4. HP: 33/42 MP: 1/7
   119 | D        | Reached * piety under Qazlal
   123 | D        | Reached ** piety under Qazlal
   126 | D        | Reached skill level 5 in Axes
   149 | D        | Reached *** piety under Qazlal
   155 | D        | Reached skill level 5 in Armour
   155 | D        | Reached skill level 5 in Shields
   155 | D        | Reached skill level 6 in Invocations
   156 | D        | Reached **** piety under Qazlal
   384 | D        | Noticed a centaur
   397 | D        | Reached XP level 5. HP: 38/50 MP: 8/10
   398 | D        | Reached skill level 7 in Invocations
   400 | D        | Killed a centaur
   401 | D        | Reached skill level 8 in Invocations
   404 | D        | Noticed a phantom
   413 | D        | Killed a phantom
   413 | D        | Reached ***** piety under Qazlal
   414 | D        | Reached skill level 9 in Invocations
   414 | D        | Reached XP level 6. HP: 30/60 MP: 10/13
   644 | D        | Noticed a death yak
   659 | D        | Killed a death yak
   660 | D        | Reached skill level 12 in Invocations
   660 | D        | Reached XP level 7. HP: 55/70 MP: 13/16
   660 | D        | Reached XP level 8. HP: 62/78 MP: 13/17
   662 | D        | Noticed Duvessa
   662 | D        | Noticed Dowan
   677 | D        | Reached skill level 10 in Axes
   678 | D        | Killed Dowan
   679 | D        | Reached skill level 13 in Invocations
   692 | D        | Killed Duvessa
   695 | D        | Noticed a freezing wraith
   695 | D        | Noticed an eight-headed hydra
   696 | D        | Killed a freezing wraith
   696 | D        | Killed an eight-headed hydra
   697 | D        | Reached skill level 10 in Fighting
   697 | D        | Reached skill level 15 in Invocations
   697 | D        | Reached XP level 9. HP: 50/86 MP: 9/20
  1025 | D        | Noticed a hellwing
  1039 | D        | Noticed a cyclops
  1043 | D        | Killed a hellwing
  1043 | D        | Reached ****** piety under Qazlal
  1044 | D        | Reached skill level 10 in Armour
  1044 | D        | Reached skill level 10 in Shields
  1046 | D        | Killed a cyclops
  1047 | D        | Reached skill level 16 in Invocations
  1049 | D        | Reached XP level 10. HP: 89/97 MP: 20/22
  1057 | D        | Noticed a smoke demon
  1067 | D        | Killed a smoke demon
  1068 | D        | Reached skill level 17 in Invocations
  1075 | D        | Noticed a molten gargoyle
  1089 | D        | Killed a molten gargoyle
  1090 | D        | Reached skill level 18 in Invocations
  1493 | D        | Noticed a sixfirhy
  1493 | D        | Noticed a cyclops
  1494 | D        | Killed a sixfirhy
  1497 | D        | Killed a cyclops
  1645 | D        | Noticed a sea snake
  1658 | D        | Killed a sea snake
  1659 | D        | Reached skill level 19 in Invocations
  1659 | D        | Reached XP level 11. HP: 105/107 MP: 24/24
  1664 | D        | Noticed a phantasmal warrior
  1674 | D        | Killed a phantasmal warrior
  2030 | D        | Killed a shadow wraith
  2228 | D        | Noticed a deep elf knight
  2233 | D        | Reached skill level 15 in Axes
  2235 | D        | Killed a deep elf knight
  2236 | D        | Reached skill level 20 in Invocations
  2357 | D        | Noticed an orc sorcerer
  2358 | D        | Noticed Maurice
  2358 | D        | Noticed an orc knight
  2361 | D        | Killed an orc sorcerer
  2362 | D        | Killed an orc knight
  2363 | D        | Reached skill level 21 in Invocations
  2387 | D        | Killed Maurice
  2632 | D        | Killed a shadow wraith
  2633 | D        | Reached XP level 12. HP: 113/118 MP: 26/26
  2647 | D        | Reached skill level 15 in Fighting
  2739 | D        | Reached skill level 22 in Invocations
  2791 | D        | Noticed Sonja
  2793 | D        | Noticed a nagaraja
  2803 | D        | Killed from afar by a nagaraja

Illustrated notes

Levels and vault maps discovered:
D:        pitsprint [storerooms_1, entrance_room_1, metal_vault_5, armoury_1,
          mini_pit_1, grid_room_1, main_hall_1, silver_pit, the_coven_3,
          the_vestibule_1, steel_vault_4, golden_pit, hallway_of_sentries,
          crystal_vault_4, iron_vault_5, final_vault]

Skill      XL: |  1  2  3  4  5  6  7  8  9 10 11 12 |
---------------+-------------------------------------+-----
Fighting       | 5 7 9 10 11 13 14 15 | 15.6
Axes           | 4 5 7 9 11 12 14 16 17 | 17.0
Armour         | 4 5 6 8 9 10 12 13 14 | 14.4
Shields        | 4 5 6 8 9 10 12 13 14 | 14.5
Invocations    | 5 6 9 12 15 16 19 21 22 | 22.7

Action                   |  1- 3 |  4- 6 |  7- 9 | 10-12 || total
-------------------------+-------+-------+-------+-------++-------
Melee: War axe           |    14 |    59 |    50 |   169 ||   292
Invok: Disaster Area     |       |       |     1 |     4 ||     5
  Use: Potion            |     1 |     2 |       |     5 ||     8
       Scroll            |       |       |       |    11 ||    11
Armor: Scale mail        |     9 |    19 |       |       ||    28
       Plate armour      |       |    21 |    18 |    76 ||   115
Dodge: Dodged            |     4 |    27 |    10 |    39 ||    80
       Repelled          |       |       |       |     2 ||     2
Block: Buckler           |     2 |    43 |       |       ||    45
       Kite shield       |       |     7 |    53 |   149 ||   209

Table legend: (Time is in decaauts)
 A = Elapsed time spent in this place.
 B = Non-inter-level travel time spent in this place.
 C = Inter-level travel time spent in this place.
 D = Time resting spent in this place.
 E = Time spent auto-exploring this place.
 F = Levels seen in this place.
 G = Mean time per level.
                   A        B        C        D        E       F      G
               +--------+--------+--------+--------+--------+-----+--------+
         Total |   2828 |   2724 |    104 |   1920 |      0 |   1 | 2828.0 |
       Dungeon |   2828 |   2724 |    104 |   1920 |      0 |   1 | 2828.0 |
               +--------+--------+--------+--------+--------+-----+--------+

Top non-repeatable levels by time:
       D: 2828 daAuts
